 Dungeon Crawl Stone Soup version 0.22.1-1-ga44c0e5 (webtiles) character file.

683 Fang the Chopper (level 7, 0/66 HPs)
             Began as a Gargoyle Berserker on Oct 3, 2018.
             Was a Priest of Trog.
             Slain by a centaur (2 damage)
             ... on level 5 of the Dungeon.
             The game lasted 00:04:41 (5192 turns).

Fang the Chopper (Gargoyle Berserker)               Turns: 5192, Time: 00:04:41

Health: 0/66       AC:  9    Str: 28    XL:     7   Next: 61%
Magic:  7/7        EV: 13    Int:  7    God:    Trog [***...]
Gold:   238        SH:  0    Dex:  9    Spells: 6/6 levels left

rFire    . . .     SeeInvis .   s - +0 trident
rCold    . . .     Gourm    .   (no shield)
rNeg     + . .     Faith    +   b - +0 animal skin
rPois    ∞         Spirit   .   (no helmet)
rElec    +         Reflect  .   q - +1 cloak {MR+}
rCorr    .         Harm     .   (no gloves)
MR       +....                  (no boots)
Stlth    ..........             k - amulet of faith
HPRegen  0.21/turn              (no ring)
MPRegen  0.10/turn              (no ring)

@: berserking, very quick
A: negative energy resistance 1, electricity resistance, unbreathing,
petrification resistance, rot immunity, AC +4
a: Berserk, Trog's Hand, Renounce Religion


You were on level 5 of the Dungeon.
You worshipped Trog.
Trog was most pleased with you.
You were near starving.

You visited 1 branch of the dungeon, and saw 5 of its levels.

You collected 238 gold pieces.

Inventory:

Hand Weapons
 a - a +0 hand axe
 s - a +0 trident (weapon)
Armour
 b - a +0 animal skin (worn)
 q - a +1 cloak of magic resistance (worn)
Jewellery
 d - an uncursed amulet of regeneration
 k - an amulet of faith (around neck)
 n - an uncursed ring of stealth {unknown}
 t - an uncursed ring of positive energy {unknown}
Scrolls
 g - a scroll of remove curse {unknown}
 h - 2 scrolls of magic mapping {unknown}
 l - 3 scrolls of blinking {unknown}
 m - 2 scrolls of immolation {unknown}
 o - a scroll of enchant weapon {unknown}
 p - a scroll of identify {unknown}
 r - a scroll of fog {unknown}
Potions
 e - 9 potions of curing {unknown}
 f - 3 potions of heal wounds {unknown}
 i - a potion of mutation {unknown}
 j - 4 potions of lignification {unknown}
Comestibles
 c - 6 rations


   Skills:
 + Level 4.7 Fighting
 + Level 6.0 Axes
 + Level 0.2(3.6) Polearms
 + Level 2.4 Armour
 + Level 3.6 Dodging
 + Level 1.5 Stealth


You had 6 spell levels left.
You didn't know any spells.
Your spell library was empty.

Dungeon Overview and Level Annotations

Branches:
Dungeon (5/15)
 Temple: D:4-7

Altars:
Elyvilon
Fedhas
Hepliaklqana
Sif Muna
Uskayaw
Yredelemnul
Zin


Innate Abilities, Weirdness & Mutations

You are resistant to torment.
Your stone body is resilient. (AC +4)
You are immune to poison.
You resist negative energy. (rN+)
You are resistant to electric shocks. (rElec)
You can survive without breathing.
You are immune to petrification.
You are immune to rotting.


Message History

A red film seems to cover your vision as you go berserk!
You feel yourself moving faster!
You feel mighty!
You are near starving!
The bullfrog skeleton barely misses you.
The centaur barely misses you.
You puncture the bullfrog skeleton!
The bullfrog skeleton is heavily damaged.
The centaur hits you.
* * * LOW HITPOINT WARNING * * *
The bullfrog skeleton misses you.
Unknown command.
You impale the bullfrog skeleton!!
You destroy the bullfrog skeleton!
Trog accepts your kill.
Your Axes skill increases to level 6!
The centaur hits you.
* * * LOW HITPOINT WARNING * * *
Unknown command.
You barely miss the centaur. The centaur hits you.
You die...

#....%(....###.# #.#
#..........# #.##
#.# #..........#
#..# #.#
#..........# ##.##
#.# #..........#
#..# #.#
#..........# ##.#
#.# #.$(...######.##
#.# #...c..........#
#.#
#####@.......#.###.#
#.<......#..##.#
#........##.##.#
#........##.##.#
####.######.##.#
#### #.# #.##)#
....###'#### #..#.#
...........#
##.#.###
...........# #......


You could see a centaur.

Vanquished Creatures
  A sky beast (D:5)
  A phantom (D:4)
  An ogre (D:4)
  A scorpion (D:5)
  A hound (D:4)
  Crazy Yiuf (D:3)
  A bullfrog skeleton (D:5)
  An iguana (D:4)
  2 worker ants (D:4)
  A hound skeleton (D:4)
  6 adders
  A shadow imp (D:5)
  4 worms
  3 dart slugs
  5 leopard geckos
  17 orcs
  A ball python (D:4)
  3 giant cockroaches
  8 goblins
  10 hobgoblins
  9 jackals
  9 kobolds
  4 quokkas
  8 bats
  2 frilled lizards
  A jackal skeleton (D:5)
  2 quokka skeletons (D:4)
  5 rats
109 creatures vanquished.

Notes
Turn   | Place    | Note
-------+----------+-------------------------------------------
     0 | D:1      | Fang the Gargoyle Berserker began the quest for the Orb.
     0 | D:1      | Reached XP level 1. HP: 14/14 MP: 1/1
    91 | D:1      | Reached XP level 2. HP: 11/19 MP: 2/2
   428 | D:1      | Reached skill level 3 in Axes
   539 | D:1      | Reached XP level 3. HP: 18/23 MP: 3/3
  1400 | D:2      | Found a basalt altar of Yredelemnul.
  1559 | D:3      | Reached ** piety under Trog
  1609 | D:3      | Reached XP level 4. HP: 22/28 MP: 4/4
  1684 | D:3      | Found a blossoming altar of Fedhas.
  1798 | D:3      | You fall through a shaft!
  1831 | D:4      | Found a hazy altar of Hepliaklqana.
  1861 | D:4      | Found a white marble altar of Elyvilon.
  1886 | D:4      | Noticed an ogre
  1894 | D:4      | Killed an ogre
  1894 | D:4      | Reached skill level 4 in Axes
  1894 | D:4      | Reached XP level 5. HP: 9/33 MP: 5/5
  1911 | D:4      | HP: 1/33 [hound skeleton (1)]
  2222 | D:4      | Reached XP level 6. HP: 24/38 MP: 6/6
  2485 | D:4      | Noticed a phantom
  2491 | D:4      | Found a glowing silver altar of Zin.
  2495 | D:4      | Found a hide-covered altar of Uskayaw.
  2508 | D:5      | Entered Level 5 of the Dungeon
  2846 | D:4      | Killed a phantom
  2846 | D:4      | Reached skill level 5 in Axes
  3920 | D:3      | Reached *** piety under Trog
  3932 | D:3      | Reached XP level 7. HP: 42/44 MP: 7/7
  4118 | D:3      | Found a runed door.
  4352 | D:3      | Found a faded altar of an unknown god.
  4434 | D:3      | Noticed Crazy Yiuf
  4440 | D:3      | Killed Crazy Yiuf
  4440 | D:3      | Reached skill level 1 in Stealth
  4970 | D:5      | Found a deep blue altar of Sif Muna.
  5188 | D:5      | HP: 2/44 [centaur (1)]
  5191 | D:5      | Reached skill level 6 in Axes
  5192 | D:5      | Slain by a centaur

Skill      XL: |  1  2  3  4  5  6  7 |
---------------+----------------------+-----
Axes           | 3 4 5 6 |  6.0
Dodging        | 2 3 |  3.6
Fighting       | 4 |  4.7
Stealth        | 1 |  1.5
Polearms       | |  0.2
Armour         | |  2.4

Action                   |  1- 3 |  4- 6 |  7- 9 || total
-------------------------+-------+-------+-------++-------
Melee: Hand axe          |    94 |   197 |   123 ||   414
       Trident           |       |       |    19 ||    19
Invok: Berserk           |     1 |     4 |     2 ||     7
 Stab: Sleeping          |       |       |     1 ||     1
  Eat: Chunk             |     3 |     7 |     5 ||    15
       Ration            |       |     1 |       ||     1
Armor: Animal skin       |    38 |    60 |    49 ||   147
Dodge: Dodged            |    92 |   134 |    82 ||   308
